 Dungeon Crawl Stone Soup version 0.31-a0-4-gefa6de2278 (webtiles) character file.

Game seed: 8277535955339540997

2839 2FriedEggs the Prestidigitator (level 9, -1/75 HPs)
             Began as a Demonspawn Artificer on May 4, 2023.
             Slain by Grum
             ... wielding a +0 spear
              (20 damage)
             ... on level 8 of the Dungeon.
             The game lasted 00:15:17 (8779 turns).

2FriedEggs the Prestidigitator (DsAr)               Turns: 8779, Time: 00:15:22

Health: -1/75      AC:  5    Str: 17    XL:     9   Next: 46%
Magic:  9/9        EV: 16    Int: 13    God:
Gold:   495        SH:  0    Dex: 25    Spells: 8/8 levels left

rFire   . . .        n - +2 whip (venom)
rCold   . . .        (no shield)
rNeg    . . .        E - +0 ring mail
rPois   .            (helmet restricted)
rElec   .            (no cloak)
rCorr   .            (no gloves)
SInv    .            (no boots)
Will    .....        (no amulet)
Stlth   ++           M - +6 ring of dexterity
HPRegen 0.32/turn    x - +6 ring of dexterity
MPRegen 0.11/turn

%: no passive effects
@: mighty, agile, about to teleport
A: antennae 2, claws 1, hooves 2, powered by death 1, powered by pain 1
a: no special abilities


You were on level 8 of the Dungeon.
You visited 2 branches of the dungeon, and saw 9 of its levels.

You collected 495 gold pieces.

Inventory:

Hand Weapons
 g - a +0 war axe
 m - a +2 sling of freezing
 n - a +2 whip of venom (weapon)
Armour
 b - a +0 leather armour
 E - a +0 ring mail (worn)
Magical Staves
 h - a staff of death
 J - a staff of earth
Jewellery
 t - a ring of ice
 v - a ring of positive energy
 x - a +6 ring of dexterity (right claw)
 M - a +6 ring of dexterity (left claw)
Wands
 c - a wand of flame (7) (quivered)
 d - a wand of charming (15)
 e - a wand of iceblast (3)
 F - a wand of mindburst (15)
 K - a wand of paralysis (19)
Scrolls
 l - 5 scrolls of teleportation
 q - 2 scrolls of amnesia
 u - a scroll of enchant armour
 w - 3 scrolls of magic mapping
 y - a scroll of immolation
 B - 2 scrolls of blinking {unknown}
 C - a scroll of summoning {unknown}
 D - a scroll of vulnerability {unknown}
 G - a scroll of enchant weapon {unknown}
 H - a scroll of poison {unknown}
 I - 3 scrolls of noise
 L - a scroll of fog {unknown}
 N - a scroll of fear {unknown}
Potions
 a - a potion of lignification {unknown}
 f - a potion of degeneration {unknown}
 i - 3 potions of invisibility {unknown}
 j - a potion of resistance {unknown}
 k - a potion of might {unknown}
 o - 2 potions of mutation {unknown}
 p - 5 potions of curing {unknown}
 r - 2 potions of heal wounds {unknown}
 s - 2 potions of haste {unknown}
 z - a potion of attraction {unknown}
 A - 2 potions of flight {unknown}


   Skills:
 + Level 8.7 Fighting
 - Level 2.1 Maces & Flails
 - Level 1.7 Armour
 - Level 0.8 Dodging
 - Level 0.8 Stealth
 * Level 10.0 Evocations


You had 8 spell levels left.
You didn't know any spells.
Your spell library contained the following spells:

 Spells                   Type           Power      Damage    Failure   Level
 Magic Dart               Conj           0%         1d3       50%         1
 Call Imp                 Summ           0%         N/A       63%         2
 Sublimation of Blood     Necr           0%         N/A       63%         2
 Mephitic Cloud           Conj/Pois/Air  0%         N/A       86%         3
 Petrify                  Tmut/Erth      0%         N/A       99%         4
 Irradiate                Conj/Tmut      0%         3d11      100%        5
 Metabolic Englaciation   Hex/Ice        0%         N/A       100%        5
 Statue Form              Tmut/Erth      0%         N/A       100%        6


Dungeon Overview and Level Annotations

Branches:
Dungeon (8/15)             Temple (1/1) D:6
   Lair: D:8-11

Altars:
Ashenzari
Cheibriados
Dithmenos
Fedhas
Gozag
Hepliaklqana
Kikubaaqudgha
Makhleb
Nemelex Xobeh
Okawaru
Qazlal
Ru
Trog
Uskayaw
Vehumet
Wu Jian
Yredelemnul

Annotations:
D:8 Erica, Grum


Innate Abilities, Weirdness & Mutations

You have a pair of antennae on your head.
You have sharp fingernails.
You have hoof-like feet.
You regenerate a little health from kills.
You sometimes gain a little power by taking damage.


Message History

You whack the wolf!
The wolf is poisoned.
Your kick misses the wolf.
The wolf is heavily wounded.
The wolf bites you. The wolf misses you.
Grum bares his teeth.
Grum hits you from afar with a +0 spear!
You focus on the pain.
You feel agile all of a sudden.
Okay, then.
The wolf bites you. The wolf completely misses you.
The wolf closely misses you.
Unknown command.
You closely miss the wolf. You kick the wolf.
The wolf is heavily wounded.
The wolf closely misses you. The wolf completely misses you.
Grum shouts, "Fluffy!
Good boy!"
The wolf closely misses you. x2
Unknown command.
An ice beast comes into view.
The wolf closely misses you. The wolf bites you but does no damage.
You miss the wolf.
The wolf is severely wounded.
The wolf bites you. x2; The wolf misses you.
A centaur comes into view. It is carrying a wand of iceblast (5).
Okay, then.
You don't know any spells.
As you read the scroll of teleportation, it crumbles to dust.
You feel strangely unstable. The wolf closely misses you. The wolf bites you.
The centaur wields a +0 shortbow.
The centaur shoots an arrow.
The arrow closely misses you. The wolf barely misses you.
The orc priest looks braver for a moment.
The wolf closely misses you.
Unknown command.
You whack the wolf!
You kill the wolf!
The centaur shoots an arrow.
The arrow hits you!
* * * LOW HITPOINT WARNING * * *
The wolf misses you.
The centaur shoots an arrow.
The arrow completely misses you.
Grum hits you from afar with a +0 spear!!
You die...

#.... #..(....#....#####.###
#..... #............# #
#.....### #............## #....
..# #.......#.....# #....
#.####...oo..#####.# #
...{#.##h...##h####..........#
...#.##.gh.#####g##...####......
P.......########.h...$# ......
._P.o##..{{...##@...#.# ##...
P.... #$^.....Y.......# .. ..P..
#..>.........#..... . .....
...............####
≈............<.....###
≈§#^.o#........##...#
≈§##.##.......###...### ..
#...c...# #<...# .. ........#
##.....#


You could see Grum, an orc warrior, an ice beast, 2 wolves, a centaur and an orc
priest.

Vanquished Creatures
  Prince Ribbit (D:7)
  Grinder (D:5)
  A water moccasin (D:7)
  2 black bears
  A sky beast (D:7)
  An orc warrior (D:7)
  2 ice beasts
  A wolf (D:8)
  An ogre (D:7)
  2 centaurs
  4 phantoms
  2 kobold brigands
  2 scorpions
  4 wights (D:7)
  2 howler monkeys
  5 hounds
  3 iguanas
  A sleepcap (D:8)
  2 orc wizards (D:6)
  Natasha (thrice) (D:3)
  Robin (D:3)
  8 gnolls
  8 adders
  An ufetubus (D:5)
  3 worms
  2 dart slugs
  25 orcs
  9 bats
  9 endoplasms
  15 goblins
  7 hobgoblins
  6 jackals
  A quokka (D:4)
  8 ball pythons
  2 frilled lizards
  33 kobolds
  3 rats
182 creatures vanquished.

Vanquished Creatures (others)
  A fungus (D:8)
  30 plants
31 creatures vanquished.

Grand Total: 213 creatures vanquished

Notes
Turn   | Place    | Note
-------+----------+-------------------------------------------
     0 | D:1      | 2FriedEggs the Demonspawn Artificer began the quest for the
                  | Orb.
     0 | D:1      | Reached XP level 1. HP: 15/15 MP: 1/1
   330 | D:1      | Noticed a golden eye
   332 | D:1      | Found a faded altar of an unknown god.
   334 | D:1      | Noticed a golden eye
   334 | D:1      | Noticed a shining eye
   334 | D:1      | Noticed a golden eye
   424 | D:1      | Discovered your monstrous ancestry.
   424 | D:1      | Gained mutation: You have sharp fingernails. [demonic
                  | ancestry]
   424 | D:1      | Reached XP level 2. HP: 22/22 MP: 2/2
  1114 | D:2      | Gained mutation: You sometimes gain a little power by
                  | taking damage. [demonic ancestry]
  1114 | D:2      | Reached XP level 3. HP: 19/29 MP: 3/3
  1410 | D:2      | Gained mutation: You have a pair of small antennae on your
                  | head. [demonic ancestry]
  1410 | D:2      | Reached XP level 4. HP: 35/37 MP: 4/4
  1675 | D:3      | Reached skill level 1 in Maces & Flails
  1733 | D:3      | Noticed Natasha
  1737 | D:3      | Killed Natasha
  1746 | D:3      | Gained mutation: You have large cloven feet. [demonic
                  | ancestry]
  1746 | D:3      | Reached XP level 5. HP: 33/42 MP: 5/5
  1746 | D:3      | Noticed Natasha
  1754 | D:3      | Killed Natasha
  1837 | D:3      | Noticed Robin
  1886 | D:3      | Killed Robin
  2024 | D:3      | Noticed Natasha
  2033 | D:3      | Killed Natasha
  3145 | D:4      | Gained mutation: You regenerate a little health from kills.
                  | [demonic ancestry]
  3145 | D:4      | Reached XP level 6. HP: 49/49 MP: 6/6
  3237 | D:4      | Reached skill level 4 in Evocations
  3331 | D:3      | Reached skill level 5 in Fighting
  3465 | D:4      | Found an ancient bone altar of Kikubaaqudgha.
  4002 | D:5      | Entered Level 5 of the Dungeon
  4254 | D:5      | Gained mutation: You have a pair of antennae on your head.
                  | [demonic ancestry]
  4254 | D:5      | Reached XP level 7. HP: 35/57 MP: 7/7
  4266 | D:5      | Reached skill level 5 in Evocations
  4562 | D:5      | Noticed Grinder
  4565 | D:5      | Killed Grinder
  4566 | D:5      | Reached skill level 6 in Evocations
  5024 | D:5      | Reached XP level 8. HP: 61/65 MP: 8/8
  5291 | D:6      | Reached skill level 7 in Evocations
  5669 | D:6      | Found a sacrificial altar of Ru.
  5730 | D:6      | Found a staircase to the Ecumenical Temple.
  5736 | Temple   | Entered the Ecumenical Temple
  5944 | D:6      | Found a sparkling altar of Nemelex Xobeh.
  6404 | D:6      | Reached skill level 8 in Evocations
  7144 | D:7      | Noticed Prince Ribbit
  7158 | D:7      | Killed Prince Ribbit
  7159 | D:7      | Reached skill level 9 in Evocations
  7159 | D:7      | Gained mutation: You have hoof-like feet. [demonic
                  | ancestry]
  7159 | D:7      | Reached XP level 9. HP: 15/74 MP: 9/9
  7740 | D:7      | HP: 2/66 [wight/+0 scimitar (7)]
  8285 | D:8      | Noticed Erica
  8748 | D:8      | Found a blossoming altar of Fedhas.
  8750 | D:8      | Noticed Grum
  8752 | D:8      | Found a stormy altar of Qazlal.
  8772 | D:8      | Reached skill level 10 in Evocations
  8779 | D:8      | Slain by Grum

Illustrated notes

Levels and vault maps discovered:
D:1:      minmay_arrival_four_houses, layout_basic,
          hellmonk_ecumenical_altar_watching_god
D:2:      layout_basic
D:3:      layout_loops_cross, nicolae_tso_swordbearing_angel, minmay_circle_x,
          uniq_natasha, uniq_robin
D:4:      layout_loops_corners, mainiacjoe_overflow_24_doors,
          nicolae_figureground_sparkle
D:5:      layout_basic, corexii_shack, chequers_serial_rivers_micro_e,
          interstate_on_off, minivault_19, grunt_ministairs_11,
          chequers_serial_rivers_micro_d, uniq_grinder
D:6:      kennysheep_kobold_camp, layout_loops_ring, general_overflow_altar,
          lemuel_crystal_altar, minmay_temple_entry_hall, minmay_holes
D:7:      layout_basic, solitary_fountain, minivault_19, uniq_prince_ribbit1
D:8:      layout_rooms, grunt_temple_overflow_forces_of_nature,
          lemuel_coloured_pillars_altar, uniq_erica, uniq_grum
Temple:   nicolae_temple_bog_church

Skill      XL: |  1  2  3  4  5  6  7  8  9 |
---------------+----------------------------+-----
Fighting       | 2 3 4 5 6 8 |  8.7
Maces & Flails | 2 |  2.1
Evocations     | 4 6 9 10 | 10.0
Armour         | |  1.7
Dodging        | |  0.8
Stealth        | |  0.8

Action                     |  1- 3 |  4- 6 |  7- 9 || total
---------------------------+-------+-------+-------++-------
  Melee: Club              |     6 |       |       ||     6
         Whip              |       |   167 |   303 ||   470
         Kick              |       |    38 |   110 ||   148
         Punch             |       |     2 |     3 ||     5
         Staff             |       |       |    11 ||    11
   Fire: Sling             |    69 |    32 |       ||   101
  Evoke: Wand              |     2 |     3 |     8 ||    13
    Use: Scroll            |       |       |     7 ||     7
   Stab: Sleeping          |       |     2 |     1 ||     3
 Armour: Leather armour    |     5 |    39 |       ||    44
         Ring mail         |       |     9 |   100 ||   109
  Dodge: Dodged            |    29 |   112 |   175 ||   316

Table legend: (Time is in decaauts)
 A = Elapsed time spent in this place.
 B = Non-inter-level travel time spent in this place.
 C = Inter-level travel time spent in this place.
 D = Time resting spent in this place.
 E = Time spent auto-exploring this place.
 F = Levels seen in this place.
 G = Mean time per level.
                   A        B        C        D        E       F      G
               +--------+--------+--------+--------+--------+-----+--------+
         Total |   8835 |   8465 |    370 |   1660 |   5360 |   9 |  981.7 |
       Dungeon |   8651 |   8285 |    366 |   1660 |   5196 |   8 | 1081.4 |
        Temple |    184 |    180 |      4 |      0 |    164 |   1 |  184.0 |
               +--------+--------+--------+--------+--------+-----+--------+

Top non-repeatable levels by time:
     D:7: 1844 daAuts
     D:6: 1338 daAuts
     D:5: 1247 daAuts
     D:3: 1211 daAuts
     D:4: 1131 daAuts
     D:1: 998 daAuts
     D:2: 706 daAuts
  Temple: 184 daAuts
     D:8: 172 daAuts
